EDMONTON vs NEW YORK R

Created - March-23-21 at 21:36

Goals
1 2 3 T
EDMONTON 1 1 0 2
NEW YORK R 2 2 2 6
Shots
1 2 3 T
EDMONTON 7 11 3 21
NEW YORK R 14 16 8 38

1st period

1. EDMONTON , Anze Kopitar 12 (Travis Hamonic 21, Jason Demers 17) at 12:47
2. NEW YORK R , Artemi Panarin 9 (Marc-Edouard Vlasic 18, Leon Draisaitl 11) at 13:35
3. NEW YORK R , Brendan Lemieux 4 (Leon Draisaitl 12, Seth Jones 28) at 16:09

Penalties :
Marcus Kruger (NYR) for Roughing (Minor) at 7:28, David Perron (EDM) for Hooking (Minor) at 7:28

2nd period

4. NEW YORK R , Jake DeBrusk 8 (Cam Fowler 6) at 5:24
5. EDMONTON , Travis Hamonic 4 (Darren Helm 3) at 12:51
6. NEW YORK R , Bo Horvat 18 (Connor Brown 12, Cam Fowler 7) at 18:53

Penalties :
Jason Demers (EDM) for Interference (Minor) at 0:17, Jason Demers (EDM) for Interference (Minor) at 6:49

3rd period

7. NEW YORK R , Brett Pesce 7 (Marcus Kruger 3, Jonathan Marchessault 17) at 3:17
8. NEW YORK R , Artemi Panarin 10 (Seth Jones 29) at 15:13

Penalties :
Colton Parayko (NYR) for High sticking (Minor) at 4:28, Matt Roy (EDM) for Slashing (Minor) at 10:54, Colin Miller (EDM) for Hooking (Minor) at 15:59, Tom Wilson (NYR) for Fighting (Major) at 18:05, Barclay Goodrow (EDM) for Fighting (Major) at 18:05, Colton Parayko (NYR) for Fighting (Major) at 18:54, Kyle Palmieri (EDM) for Fighting (Major) at 18:54, Connor Brown (NYR) for Tripping (Minor) at 19:32

Goalie Stats

Darcy Kuemper (EDM), 32 saves from 38 shots - (0.842), L, 23-12-3, 60:00 minutes
Frederik Andersen (NYR), 19 saves from 21 shots - (0.905), W, 19-13-8, 60:00 minutes

Players Stats for EDMONTON

Player Name              G  A  P  +/- PIM S  H  SB GA TA FO     MP     PP MP  PK MP  
------------------------------------------------------------------------------------
Anze Kopitar             1  0  1   0  0   1  2  1  0  0  21/32  24:02   1:08   4:53 
Barclay Goodrow          0  0  0  -1  5   3  1  1  0  0  2/2    12:49   0:00   0:00 
Bryan Rust               0  0  0   0  0   1  4  0  0  0  1/6    20:23   1:08   2:44 
Colin Miller             0  0  0  -2  2   0  1  0  0  0  0/0    14:10   0:00   0:00 
Colin Wilson             0  0  0  -1  0   0  0  0  0  0  0/1     4:45   0:00   0:00 
Craig Smith              0  0  0  -1  0   4  0  0  0  0  7/15   13:54   1:04   0:00 
Darren Helm              0  1  1  -1  0   2  0  1  0  0  1/1    13:17   0:00   0:27 
David Perron             0  0  0  -2  2   2  0  0  0  0  0/3    18:13   1:18   3:03 
Derek Forbort            0  0  0  -2  0   0  0  0  0  0  0/0    20:51   1:18   3:30 
Jakub Voracek            0  0  0   0  0   1  2  0  0  0  1/3    23:43   1:08   4:45 
Jason Demers             0  1  1   0  4   0  1  0  0  0  0/0    22:23   1:08   2:04 
Josh Archibald           0  0  0  -1  0   0  0  0  0  0  0/0     4:45   0:00   0:00 
Justin Holl              0  0  0  -2  0   0  1  2  0  0  0/0    17:19   0:00   3:08 
Kyle Palmieri            0  0  0  -2  5   3  1  0  0  0  0/0    14:43   0:51   0:00 
Mathieu Perreault        0  0  0  -1  0   0  2  0  0  0  3/4     4:45   0:00   0:00 
Matt Roy                 0  0  0  -2  2   2  0  1  0  0  0/0    20:04   1:18   2:44 
Travis Hamonic           1  1  2   0  0   1  4  0  0  0  0/0    24:47   1:08   4:26 
Tyler Johnson            0  0  0  -2  0   1  0  0  0  0  9/19   14:54   0:41   0:00 

Players Stats for NEW YORK R

Player Name              G  A  P  +/- PIM S  H  SB GA TA FO     MP     PP MP  PK MP  
------------------------------------------------------------------------------------
Andrew Cogliano          0  0  0   1  0   3  4  0  0  0  0/1    18:44   4:06   0:09 
Artemi Panarin           2  0  2   2  0   6  0  0  0  0  0/1    20:57   3:50   1:39 
Bo Horvat                1  0  1   1  0   2  1  0  0  0  9/21   20:02   4:06   0:38 
Brendan Lemieux          1  0  1   1  0   1  1  0  0  0  0/0     5:17   0:00   0:00 
Brett Pesce              1  0  1   2  0   5  0  2  0  0  0/0    21:33   4:06   0:58 
Cam Fowler               0  2  2   0  0   0  1  2  0  0  0/0    13:14   0:00   0:00 
Colton Parayko           0  0  0   1  7   0  1  2  0  0  0/0    20:24   3:50   0:00 
Connor Brown             0  1  1   1  2   3  1  0  0  0  0/1    18:34   4:06   0:00 
Gabriel Vilardi          0  0  0   0  0   1  0  0  0  0  0/0     2:02   0:00   0:00 
Jake DeBrusk             1  0  1   0  0   4  0  0  0  0  1/1    13:07   0:00   0:00 
Jonathan Marchessault    0  1  1   0  0   3  0  0  0  0  9/15   13:16   0:00   0:09 
Karl Alzner              0  0  0   1  0   0  1  0  0  0  0/0     3:28   0:00   0:09 
Leon Draisaitl           0  2  2   3  0   4  2  0  0  0  16/33  25:41   3:50   1:39 
Marc-Edouard Vlasic      0  1  1   2  0   1  0  2  0  0  0/0    21:33   4:06   0:58 
Marcus Kruger            0  1  1   0  2   0  3  0  0  0  1/2    13:06   0:00   0:00 
Mike Matheson            0  0  0   0  0   2  0  1  0  0  0/0    14:33   0:00   1:19 
Nico Hischier            0  0  0   1  0   1  0  0  0  0  4/9     5:17   0:00   0:00 
Sam Steel                0  0  0   0  0   0  0  0  0  0  0/1     0:16   0:00   0:00 
Seth Jones               0  2  2   2  0   1  0  1  0  0  0/0    25:13   3:50   1:28 
Tom Wilson               0  0  0   2  5   1  2  0  0  0  1/1    19:13   3:50   0:38 

3 Stars

1 - Artemi Panarin (NYR)
2 - Leon Draisaitl (NYR)
3 - Brett Pesce (NYR)

Power Play

EDMONTON - 0 on 2 Attempt(s) - 0.00%
NEW YORK R - 0 on 4 Attempt(s) - 0.00%

Penalty Kill

EDMONTON - 4 on 4 Attempt(s) - 100.00% - Score 0 goal in Penalty Kill
NEW YORK R - 2 on 2 Attempt(s) - 100.00% - Score 0 goal in Penalty Kill

Team Stat

EDMONTON - Hits : 19 - Faceoff Wins : 45 - Blocked Shots : 6 - Penalty Minutes : 20
NEW YORK R - Hits : 17 - Faceoff Wins : 41 - Blocked Shots : 10 - Penalty Minutes : 16

Official

Referees : Garrett Rank and Terry Koharski
Linesman : Ryan Galloway and Andre Deblois

Game Notes

Tom Wilson and Barclay Goodrow fight to a draw at 18:05 of 3rd period
Colton Parayko and Kyle Palmieri fight to a draw at 18:54 of 3rd period

Finance

Level 1 -- Attendance: 4167 (69.45%) -- Ticket Income $416,700
Level 2 -- Attendance: 3217 (64.34%) -- Ticket Income $225,190
Level 3 -- Attendance: 1130 (56.50%) -- Ticket Income $50,850
Level 4 -- Attendance: 3818 (95.45%) -- Ticket Income $76,360
Luxury Box -- Attendance: 1000 (100.00%) -- Ticket Income $183,000
Game was played at the Madison Square Garden.
Total Attendance: 13332 (74.07%)
Total Ticket Income: $952,100
Total Income: $952,100

EDMONTON

5 vs 5 Forward 
   Center                   Left Wing                Right Wing               Time % Phy DF OF 
 1 Anze Kopitar             Jakub Voracek            Bryan Rust               35     1   2  2  
 2 Tyler Johnson            David Perron             Kyle Palmieri            30     1   2  2  
 3 Craig Smith              Darren Helm              Barclay Goodrow          25     1   2  2  
 4 Mathieu Perreault        Colin Wilson             Josh Archibald           10     1   2  2  

5 vs 5 Defense 
   Defense                  Defense                                           Time % Phy DF OF 
 1 Travis Hamonic           Jason Demers                                      35     1   2  2  
 2 Derek Forbort            Matt Roy                                          30     1   2  2  
 3 Colin Miller             Justin Holl                                       25     1   2  2  
 4 Travis Hamonic           Jason Demers                                      10     1   2  2  

PowerPlay Forward 
   Center                   Left Wing                Right Wing               Time % Phy DF OF 
 1 Anze Kopitar             Jakub Voracek            Bryan Rust               60     1   2  2  
 2 Craig Smith              David Perron             Kyle Palmieri            40     1   2  2  

PowerPlay Defense
   Defense                  Defense                                           Time % Phy DF OF 
 1 Travis Hamonic           Jason Demers                                      60     1   2  2  
 2 Derek Forbort            Matt Roy                                          40     1   2  2  

Penalty Kill 4 Players Forward 
   Center                   Wing                     Time % Phy DF OF 
 1 Anze Kopitar             Jakub Voracek            60     1   2  2  
 2 David Perron             Bryan Rust               40     1   2  2  

Penalty Kill 4 Players Defense
   Defense                  Defense                  Time % Phy DF OF 
 1 Travis Hamonic           Jason Demers             60     1   2  2  
 2 Derek Forbort            Matt Roy                 40     1   2  2  

Penalty Kill - 3 Players Forward 
   Forward                                           Time % Phy DF OF 
 1 Anze Kopitar                                      60     1   2  2  
 2 Jakub Voracek                                     40     1   2  2  

Penalty Kill - 3 Players Defense
   Defense                  Defense                  Time % Phy DF OF 
 1 Travis Hamonic           Jason Demers             60     1   2  2  
 2 Derek Forbort            Matt Roy                 40     1   2  2  

4 vs 4 Forward 
   Center                   Wing                     Time % Phy DF OF 
 1 Anze Kopitar             Jakub Voracek            60     1   2  2  
 2 David Perron             Bryan Rust               40     1   2  2  

4 vs 4 Defense
   Defense                  Defense                  Time % Phy DF OF 
 1 Travis Hamonic           Jason Demers             60     1   2  2  
 2 Derek Forbort            Matt Roy                 40     1   2  2  

Last Minutes Offensive
   Center                   Left Wing                Right Wing               Defense                  Defense                  
   Anze Kopitar             Jakub Voracek            Bryan Rust               Travis Hamonic           Jason Demers             

Last Minutes Defensive
   Center                   Left Wing                Right Wing               Defense                  Defense                  
   Anze Kopitar             Jakub Voracek            Bryan Rust               Travis Hamonic           Jason Demers             

Goaltenders
Starting : Darcy Kuemper            
Backup : Aaron Dell               

Extra Forwards
Normal : Tyler Johnson, Barclay Goodrow, Darren Helm - PP : Tyler Johnson, Barclay Goodrow - PK : Darren Helm
Extra Defensemen
Normal : Colin Miller, Justin Holl, Derek Forbort - PP : Colin Miller - PK : Justin Holl, Derek Forbort
Penalty Shots
Anze Kopitar, Jakub Voracek, David Perron, Bryan Rust, Kyle Palmieri

Scratches
EDM Cap Hit (Suspend)

NEW YORK R

5 vs 5 Forward 
   Center                   Left Wing                Right Wing               Time % Phy DF OF 
 1 Leon Draisaitl           Artemi Panarin           Tom Wilson               35     1   2  2  
 2 Bo Horvat                Andrew Cogliano          Connor Brown             30     1   2  2  
 3 Jonathan Marchessault    Jake DeBrusk             Marcus Kruger            25     1   2  2  
 4 Nico Hischier            Brendan Lemieux          Leon Draisaitl           10     1   2  2  

5 vs 5 Defense 
   Defense                  Defense                                           Time % Phy DF OF 
 1 Seth Jones               Colton Parayko                                    35     1   2  2  
 2 Marc-Edouard Vlasic      Brett Pesce                                       30     1   2  2  
 3 Cam Fowler               Mike Matheson                                     25     1   2  2  
 4 Karl Alzner              Seth Jones                                        10     1   2  2  

PowerPlay Forward 
   Center                   Left Wing                Right Wing               Time % Phy DF OF 
 1 Leon Draisaitl           Artemi Panarin           Tom Wilson               60     1   2  2  
 2 Bo Horvat                Andrew Cogliano          Connor Brown             40     1   2  2  

PowerPlay Defense
   Defense                  Defense                                           Time % Phy DF OF 
 1 Seth Jones               Colton Parayko                                    60     1   2  2  
 2 Marc-Edouard Vlasic      Brett Pesce                                       40     1   2  2  

Penalty Kill 4 Players Forward 
   Center                   Wing                     Time % Phy DF OF 
 1 Leon Draisaitl           Artemi Panarin           60     1   2  2  
 2 Bo Horvat                Tom Wilson               40     1   2  2  

Penalty Kill 4 Players Defense
   Defense                  Defense                  Time % Phy DF OF 
 1 Seth Jones               Colton Parayko           60     1   2  2  
 2 Marc-Edouard Vlasic      Brett Pesce              40     1   2  2  

Penalty Kill - 3 Players Forward 
   Forward                                           Time % Phy DF OF 
 1 Leon Draisaitl                                    60     1   2  2  
 2 Artemi Panarin                                    40     1   2  2  

Penalty Kill - 3 Players Defense
   Defense                  Defense                  Time % Phy DF OF 
 1 Seth Jones               Colton Parayko           60     1   2  2  
 2 Marc-Edouard Vlasic      Brett Pesce              40     1   2  2  

4 vs 4 Forward 
   Center                   Wing                     Time % Phy DF OF 
 1 Leon Draisaitl           Artemi Panarin           60     1   2  2  
 2 Bo Horvat                Tom Wilson               40     1   2  2  

4 vs 4 Defense
   Defense                  Defense                  Time % Phy DF OF 
 1 Seth Jones               Colton Parayko           60     1   2  2  
 2 Marc-Edouard Vlasic      Brett Pesce              40     1   2  2  

Last Minutes Offensive
   Center                   Left Wing                Right Wing               Defense                  Defense                  
   Leon Draisaitl           Artemi Panarin           Tom Wilson               Seth Jones               Colton Parayko           

Last Minutes Defensive
   Center                   Left Wing                Right Wing               Defense                  Defense                  
   Leon Draisaitl           Artemi Panarin           Tom Wilson               Seth Jones               Colton Parayko           

Goaltenders
Starting : Frederik Andersen        
Backup : Craig Anderson           

Extra Forwards
Normal : Gabriel Vilardi, Sam Steel, Jonathan Marchessault - PP : Gabriel Vilardi, Sam Steel - PK : Jonathan Marchessault
Extra Defensemen
Normal : Cam Fowler, Mike Matheson, Karl Alzner - PP : Cam Fowler - PK : Mike Matheson, Karl Alzner
Penalty Shots
Leon Draisaitl, Artemi Panarin, Bo Horvat, Tom Wilson, Jonathan Marchessault

Scratches
Frederik Gauthier (Healthy)

% Time on Ice - EDMONTON

Lines # - Real PCT - Wanted PCT - Time Play
Normal Forward
1 - 34% - 35% - 16:11
2 - 29% - 30% - 13:53
3 - 27% - 25% - 12:50
4 - 10% - 10% - 4:45
Normal Defense
1 - 34% - 35% - 16:01
2 - 33% - 30% - 15:31
3 - 30% - 25% - 14:11
4 - 4% - 10% - 1:56
PP Forward
1 - 47% - 60% - 1:08
2 - 53% - 40% - 1:18
PP Defense
1 - 47% - 60% - 1:08
2 - 53% - 40% - 1:18
PK Forward
1 - 66% - 60% - 5:12
2 - 34% - 40% - 2:44
PK Defense
1 - 56% - 60% - 4:26
2 - 44% - 40% - 3:30
PK3 Forward
1 - 0% - 60%
2 - 0% - 40%
PK3 Defense
1 - 0% - 60%
2 - 0% - 40%
44 Forward
1 - 83% - 60% - 1:39
2 - 17% - 40% - 0:20
44 Defense
1 - 73% - 60% - 1:27
2 - 27% - 40% - 0:32
Last Minute Offensive  - 0:00
Last Minute Defensive  - 0:00
Total
Forward - 60:00
Defense - 60:00

% Time on Ice - NEW YORK R

Lines # - Real PCT - Wanted PCT - Time Play
Normal Forward
1 - 31% - 35% - 14:46
2 - 30% - 30% - 14:29
3 - 28% - 25% - 13:07
4 - 11% - 10% - 5:17
Normal Defense
1 - 33% - 35% - 15:54
2 - 32% - 30% - 15:12
3 - 28% - 25% - 13:14
4 - 7% - 10% - 3:19
PP Forward
1 - 48% - 60% - 3:50
2 - 52% - 40% - 4:06
PP Defense
1 - 48% - 60% - 3:50
2 - 52% - 40% - 4:06
PK Forward
1 - 74% - 60% - 1:48
2 - 26% - 40% - 0:38
PK Defense
1 - 60% - 60% - 1:28
2 - 40% - 40% - 0:58
PK3 Forward
1 - 0% - 60%
2 - 0% - 40%
PK3 Defense
1 - 0% - 60%
2 - 0% - 40%
44 Forward
1 - 59% - 60% - 1:10
2 - 41% - 40% - 0:49
44 Defense
1 - 35% - 60% - 0:42
2 - 65% - 40% - 1:17
Last Minute Offensive  - 0:00
Last Minute Defensive  - 0:00
Total
Forward - 60:00
Defense - 60:00

Play-by-Play

1st period


0:01 of 1st period - Leon Draisaitl wins face-off versus Anze Kopitar in neutral zone.
0:04 of 1st period - Shot by Tom Wilson.
0:04 of 1st period - Stopped by Darcy Kuemper without a rebound.
0:05 of 1st period - Bo Horvat wins face-off versus David Perron in EDMONTON zone.
0:52 of 1st period - Tyler Johnson is hit by Bo Horvat and loses puck.
1:35 of 1st period - Shot by Jakub Voracek.
1:35 of 1st period - Shot Misses the Net.
2:25 of 1st period - Shot by Jake DeBrusk.
2:25 of 1st period - Shot Blocked by Justin Holl.
2:33 of 1st period - Shot by Craig Smith.
2:33 of 1st period - Stopped by Frederik Andersen without a rebound.
2:34 of 1st period - Nico Hischier wins face-off versus Mathieu Perreault in NEW YORK R zone.
3:04 of 1st period - Shot by Josh Archibald.
3:04 of 1st period - Shot Blocked by Brett Pesce.
3:29 of 1st period - Tyler Johnson is hit by Karl Alzner.
3:43 of 1st period - Shot by David Perron.
3:43 of 1st period - Deflect By Kyle Palmieri.
3:43 of 1st period - Shot Misses the Net.
3:58 of 1st period - Icing by Justin Holl.
3:59 of 1st period - Jonathan Marchessault wins face-off versus Bryan Rust in EDMONTON zone.
4:10 of 1st period - Jake DeBrusk is hit by Jakub Voracek and loses puck.
4:46 of 1st period - Off-side.
4:47 of 1st period - Craig Smith wins face-off versus Leon Draisaitl in neutral zone.
4:50 of 1st period - Shot by Travis Hamonic.
4:50 of 1st period - Shot Blocked by Colton Parayko.
5:19 of 1st period - Jason Demers is hit by Colton Parayko and loses puck.
5:27 of 1st period - Off-side.
5:28 of 1st period - Mathieu Perreault wins face-off versus Bo Horvat in neutral zone.
5:28 of 1st period - Mathieu Perreault is hit by Andrew Cogliano.
6:27 of 1st period - Shot by Jonathan Marchessault.
6:27 of 1st period - Deflect By Jake DeBrusk.
6:27 of 1st period - Stopped by Darcy Kuemper without a rebound.
6:28 of 1st period - Leon Draisaitl wins face-off versus Anze Kopitar in EDMONTON zone.
6:43 of 1st period - Shot by Leon Draisaitl.
6:43 of 1st period - Shot Misses the Net.
7:28 of 1st period - Minor Penalty to Marcus Kruger for Roughing.
7:28 of 1st period - Minor Penalty to David Perron for Hooking.
7:29 of 1st period - Leon Draisaitl wins face-off versus Anze Kopitar in neutral zone.
7:48 of 1st period - Shot by Leon Draisaitl.
7:48 of 1st period - Shot Blocked by Anze Kopitar.
7:56 of 1st period - Shot by Gabriel Vilardi.
7:56 of 1st period - Stopped by Darcy Kuemper without a rebound.
7:57 of 1st period - Tyler Johnson wins face-off versus Sam Steel in EDMONTON zone.
8:12 of 1st period - Shot by Tyler Johnson.
8:12 of 1st period - Deflect By Bryan Rust.
8:12 of 1st period - Stopped by Frederik Andersen without a rebound.
8:13 of 1st period - Anze Kopitar wins face-off versus Bo Horvat in NEW YORK R zone.
9:07 of 1st period - Leon Draisaitl is hit by Anze Kopitar and loses puck.
9:39 of 1st period - Shot by Jonathan Marchessault.
9:39 of 1st period - Stopped by Darcy Kuemper without a rebound.
9:40 of 1st period - Jonathan Marchessault wins face-off versus Tyler Johnson in EDMONTON zone.
9:41 of 1st period - Shot by Mike Matheson.
9:41 of 1st period - Stopped by Darcy Kuemper with a rebound.
9:53 of 1st period - Shot by Kyle Palmieri.
9:53 of 1st period - Stopped by Frederik Andersen with a rebound.
9:55 of 1st period - Shot by Tyler Johnson.
9:55 of 1st period - Shot Blocked by Mike Matheson.
10:01 of 1st period - Shot by David Perron.
10:01 of 1st period - Stopped by Frederik Andersen without a rebound.
10:02 of 1st period - Craig Smith wins face-off versus Bo Horvat in NEW YORK R zone.
10:08 of 1st period - Seth Jones is hit by Colin Miller and loses puck.
10:19 of 1st period - Icing by Craig Smith.
10:20 of 1st period - Craig Smith wins face-off versus Leon Draisaitl in EDMONTON zone.
10:41 of 1st period - Justin Holl is hit by Tom Wilson and loses puck.
11:09 of 1st period - Shot by David Perron.
11:09 of 1st period - Shot Misses the Net.
11:34 of 1st period - Shot by Bo Horvat.
11:34 of 1st period - Stopped by Darcy Kuemper with a rebound.
11:55 of 1st period - Seth Jones is hit by Mathieu Perreault.
12:03 of 1st period - Shot by Connor Brown.
12:03 of 1st period - Stopped by Darcy Kuemper without a rebound.
12:04 of 1st period - Jonathan Marchessault wins face-off versus Anze Kopitar in EDMONTON zone.
12:08 of 1st period - Icing by Jason Demers.
12:09 of 1st period - Jake DeBrusk wins face-off versus Bryan Rust in EDMONTON zone.
12:09 of 1st period - Jake DeBrusk is hit by Travis Hamonic.
12:24 of 1st period - Jonathan Marchessault is hit by Bryan Rust and loses puck.
12:43 of 1st period - Shot by Anze Kopitar.
12:43 of 1st period - Shot Misses the Net.
12:45 of 1st period - Shot by Anze Kopitar.
12:45 of 1st period - Shot Misses the Net.
12:47 of 1st period - Shot by Anze Kopitar.
12:47 of 1st period - Goal by Anze Kopitar - EDMONTON : 1 - NEW YORK R : 0.
12:48 of 1st period - Bo Horvat wins face-off versus Craig Smith in neutral zone.
13:23 of 1st period - Shot by Seth Jones.
13:23 of 1st period - Stopped by Darcy Kuemper without a rebound.
13:24 of 1st period - Tyler Johnson wins face-off versus Leon Draisaitl in EDMONTON zone.
13:35 of 1st period - Shot by Artemi Panarin.
13:35 of 1st period - Goal by Artemi Panarin - EDMONTON : 1 - NEW YORK R : 1.
13:36 of 1st period - Anze Kopitar wins face-off versus Jonathan Marchessault in neutral zone.
14:13 of 1st period - Shot by Jonathan Marchessault.
14:13 of 1st period - Stopped by Darcy Kuemper without a rebound.
14:14 of 1st period - Leon Draisaitl wins face-off versus Tyler Johnson in EDMONTON zone.
14:43 of 1st period - Shot by Artemi Panarin.
14:43 of 1st period - Stopped by Darcy Kuemper without a rebound.
14:44 of 1st period - Darren Helm wins face-off versus Bo Horvat in EDMONTON zone.
15:11 of 1st period - Shot by Darren Helm.
15:11 of 1st period - Stopped by Frederik Andersen with a rebound.
15:35 of 1st period - Darren Helm is hit by Andrew Cogliano and loses puck.
15:49 of 1st period - Icing by Justin Holl.
15:50 of 1st period - Nico Hischier wins face-off versus Craig Smith in EDMONTON zone.
16:07 of 1st period - Shot by Leon Draisaitl.
16:07 of 1st period - Stopped by Darcy Kuemper with a rebound.
16:09 of 1st period - Shot by Brendan Lemieux.
16:09 of 1st period - Goal by Brendan Lemieux - EDMONTON : 1 - NEW YORK R : 2.
16:10 of 1st period - Anze Kopitar wins face-off versus Jonathan Marchessault in neutral zone.
16:37 of 1st period - Shot by Marcus Kruger.
16:37 of 1st period - Shot Misses the Net.
16:48 of 1st period - Shot by Jakub Voracek.
16:48 of 1st period - Shot Blocked by Cam Fowler.
16:50 of 1st period - Shot by Travis Hamonic.
16:50 of 1st period - Shot Blocked by Cam Fowler.
17:01 of 1st period - Off-side.
17:02 of 1st period - Leon Draisaitl wins face-off versus Tyler Johnson in neutral zone.
18:16 of 1st period - Icing by Marc-Edouard Vlasic.
18:17 of 1st period - Anze Kopitar wins face-off versus Bo Horvat in NEW YORK R zone.
18:44 of 1st period - Shot by Bo Horvat.
18:44 of 1st period - Deflect By Connor Brown.
18:44 of 1st period - Stopped by Darcy Kuemper without a rebound.
18:45 of 1st period - Barclay Goodrow wins face-off versus Marcus Kruger in EDMONTON zone.
19:13 of 1st period - Shot by Craig Smith.
19:13 of 1st period - Stopped by Frederik Andersen without a rebound.
19:14 of 1st period - Bo Horvat wins face-off versus Anze Kopitar in NEW YORK R zone.
19:16 of 1st period - Marc-Edouard Vlasic is hit by Bryan Rust and loses puck.
19:34 of 1st period - Shot by Anze Kopitar.
19:34 of 1st period - Shot Blocked by Brett Pesce.
19:40 of 1st period - Shot by Bo Horvat.
19:40 of 1st period - Shot Misses the Net.
Goals for this period are 1 for EDMONTON vs 2 for NEW YORK R.
Shots for this period are 7 for EDMONTON vs 14 for NEW YORK R.

2nd period


0:01 of 2nd period - Tyler Johnson wins face-off versus Leon Draisaitl in neutral zone.
0:06 of 2nd period - Shot by Kyle Palmieri.
0:06 of 2nd period - Stopped by Frederik Andersen without a rebound.
0:07 of 2nd period - Leon Draisaitl wins face-off versus Tyler Johnson in NEW YORK R zone.
0:07 of 2nd period - Leon Draisaitl is hit by Kyle Palmieri.
0:12 of 2nd period - Seth Jones is hit by Jason Demers.
0:17 of 2nd period - Minor Penalty to Jason Demers for Interference.
0:18 of 2nd period - Leon Draisaitl wins face-off versus Jakub Voracek in EDMONTON zone.
0:46 of 2nd period - Shot by Anze Kopitar.
0:46 of 2nd period - Shot Misses the Net.
1:41 of 2nd period - Shot by Brett Pesce.
1:41 of 2nd period - Shot Blocked by Matt Roy.
1:43 of 2nd period - Shot by Brett Pesce.
1:43 of 2nd period - Stopped by Darcy Kuemper without a rebound.
1:44 of 2nd period - Bo Horvat wins face-off versus Bryan Rust in EDMONTON zone.
2:04 of 2nd period - Shot by Brett Pesce.
2:04 of 2nd period - Stopped by Darcy Kuemper without a rebound.
2:05 of 2nd period - Leon Draisaitl wins face-off versus Anze Kopitar in EDMONTON zone.
3:29 of 2nd period - Icing by Karl Alzner.
3:30 of 2nd period - Nico Hischier wins face-off versus Anze Kopitar in NEW YORK R zone.
4:10 of 2nd period - Shot by Andrew Cogliano.
4:10 of 2nd period - Stopped by Darcy Kuemper with a rebound.
5:00 of 2nd period - Shot by Jake DeBrusk.
5:00 of 2nd period - Stopped by Darcy Kuemper without a rebound.
5:01 of 2nd period - Leon Draisaitl wins face-off versus Craig Smith in EDMONTON zone.
5:10 of 2nd period - Shot by Tom Wilson.
5:10 of 2nd period - Shot Misses the Net.
5:12 of 2nd period - Shot by Leon Draisaitl.
5:12 of 2nd period - Shot Blocked by Darren Helm.
5:14 of 2nd period - Shot by Seth Jones.
5:14 of 2nd period - Deflect By Leon Draisaitl.
5:14 of 2nd period - Stopped by Darcy Kuemper without a rebound.
5:15 of 2nd period - Mathieu Perreault wins face-off versus Jonathan Marchessault in EDMONTON zone.
5:24 of 2nd period - Shot by Jake DeBrusk.
5:24 of 2nd period - Goal by Jake DeBrusk - EDMONTON : 1 - NEW YORK R : 3.
5:25 of 2nd period - Leon Draisaitl wins face-off versus Anze Kopitar in neutral zone.
6:32 of 2nd period - Shot by Bo Horvat.
6:32 of 2nd period - Deflect By Connor Brown.
6:32 of 2nd period - Shot Misses the Net.
6:37 of 2nd period - Andrew Cogliano is hit by Travis Hamonic and loses puck.
6:49 of 2nd period - Minor Penalty to Jason Demers for Interference.
6:50 of 2nd period - Anze Kopitar wins face-off versus Bo Horvat in EDMONTON zone.
7:13 of 2nd period - Shot by Marc-Edouard Vlasic.
7:13 of 2nd period - Shot Hit the Post.
7:15 of 2nd period - Shot by Marc-Edouard Vlasic.
7:15 of 2nd period - Stopped by Darcy Kuemper without a rebound.
7:16 of 2nd period - Anze Kopitar wins face-off versus Leon Draisaitl in EDMONTON zone.
7:16 of 2nd period - Anze Kopitar is hit by Tom Wilson.
7:30 of 2nd period - Shot by Artemi Panarin.
7:30 of 2nd period - Stopped by Darcy Kuemper without a rebound.
7:31 of 2nd period - Anze Kopitar wins face-off versus Leon Draisaitl in EDMONTON zone.
7:52 of 2nd period - Shot by Leon Draisaitl.
7:52 of 2nd period - Deflect By Artemi Panarin.
7:52 of 2nd period - Shot Misses the Net.
7:54 of 2nd period - Shot by Colton Parayko.
7:54 of 2nd period - Shot Misses the Net.
7:56 of 2nd period - Shot by Artemi Panarin.
7:56 of 2nd period - Stopped by Darcy Kuemper without a rebound.
7:57 of 2nd period - Bo Horvat wins face-off versus David Perron in EDMONTON zone.
8:12 of 2nd period - Icing by Andrew Cogliano.
8:13 of 2nd period - Anze Kopitar wins face-off versus Bo Horvat in NEW YORK R zone.
8:24 of 2nd period - Anze Kopitar is hit by Connor Brown.
9:00 of 2nd period - Shot by Craig Smith.
9:00 of 2nd period - Deflect By Barclay Goodrow.
9:00 of 2nd period - Shot Misses the Net.
9:16 of 2nd period - Shot by Leon Draisaitl.
9:16 of 2nd period - Stopped by Darcy Kuemper without a rebound.
9:17 of 2nd period - Jonathan Marchessault wins face-off versus Tyler Johnson in EDMONTON zone.
9:32 of 2nd period - David Perron is hit by Cam Fowler and loses puck.
9:49 of 2nd period - Shot by Kyle Palmieri.
9:49 of 2nd period - Stopped by Frederik Andersen without a rebound.
9:50 of 2nd period - Anze Kopitar wins face-off versus Leon Draisaitl in NEW YORK R zone.
11:01 of 2nd period - Shot by Craig Smith.
11:01 of 2nd period - Stopped by Frederik Andersen with a rebound.
11:03 of 2nd period - Shot by Barclay Goodrow.
11:03 of 2nd period - Stopped by Frederik Andersen without a rebound.
11:04 of 2nd period - Bo Horvat wins face-off versus Tyler Johnson in NEW YORK R zone.
11:23 of 2nd period - Shot by Tyler Johnson.
11:23 of 2nd period - Shot Misses the Net.
11:40 of 2nd period - Shot by Tyler Johnson.
11:40 of 2nd period - Shot Misses the Net.
11:42 of 2nd period - Shot by Derek Forbort.
11:42 of 2nd period - Shot Blocked by Marc-Edouard Vlasic.
12:04 of 2nd period - Josh Archibald is hit by Marcus Kruger and loses puck.
12:19 of 2nd period - Shot by Mike Matheson.
12:19 of 2nd period - Stopped by Darcy Kuemper without a rebound.
12:20 of 2nd period - Nico Hischier wins face-off versus Jakub Voracek in EDMONTON zone.
12:23 of 2nd period - Shot by Leon Draisaitl.
12:23 of 2nd period - Shot Misses the Net.
12:35 of 2nd period - Shot by Nico Hischier.
12:35 of 2nd period - Stopped by Darcy Kuemper without a rebound.
12:36 of 2nd period - Jonathan Marchessault wins face-off versus Craig Smith in EDMONTON zone.
12:41 of 2nd period - Shot by Jake DeBrusk.
12:41 of 2nd period - Shot Blocked by Barclay Goodrow.
12:49 of 2nd period - Shot by Darren Helm.
12:49 of 2nd period - Stopped by Frederik Andersen with a rebound.
12:51 of 2nd period - Shot by Travis Hamonic.
12:51 of 2nd period - Goal by Travis Hamonic - EDMONTON : 2 - NEW YORK R : 3.
12:52 of 2nd period - Anze Kopitar wins face-off versus Leon Draisaitl in neutral zone.
13:01 of 2nd period - Icing by Colton Parayko.
13:02 of 2nd period - Tyler Johnson wins face-off versus Leon Draisaitl in NEW YORK R zone.
13:24 of 2nd period - Off-side.
13:25 of 2nd period - Anze Kopitar wins face-off versus Bo Horvat in neutral zone.
13:47 of 2nd period - Shot by Connor Brown.
13:47 of 2nd period - Stopped by Darcy Kuemper without a rebound.
13:48 of 2nd period - Leon Draisaitl wins face-off versus David Perron in EDMONTON zone.
13:57 of 2nd period - Shot by David Perron.
13:57 of 2nd period - Shot Misses the Net.
14:01 of 2nd period - Shot by David Perron.
14:01 of 2nd period - Shot Blocked by Seth Jones.
14:03 of 2nd period - Shot by Tyler Johnson.
14:03 of 2nd period - Stopped by Frederik Andersen without a rebound.
14:04 of 2nd period - Jonathan Marchessault wins face-off versus Bryan Rust in NEW YORK R zone.
14:33 of 2nd period - Shot by Jonathan Marchessault.
14:33 of 2nd period - Stopped by Darcy Kuemper without a rebound.
14:34 of 2nd period - Tyler Johnson wins face-off versus Artemi Panarin in EDMONTON zone.
15:13 of 2nd period - Shot by Artemi Panarin.
15:13 of 2nd period - Shot Misses the Net.
15:33 of 2nd period - Shot by Craig Smith.
15:33 of 2nd period - Stopped by Frederik Andersen with a rebound.
15:49 of 2nd period - Shot by Barclay Goodrow.
15:49 of 2nd period - Stopped by Frederik Andersen with a rebound.
17:15 of 2nd period - Anze Kopitar is hit by Marcus Kruger and loses puck.
17:34 of 2nd period - Shot by Jake DeBrusk.
17:34 of 2nd period - Stopped by Darcy Kuemper without a rebound.
17:35 of 2nd period - Tyler Johnson wins face-off versus Nico Hischier in EDMONTON zone.
17:43 of 2nd period - Icing by Brett Pesce.
17:44 of 2nd period - Craig Smith wins face-off versus Nico Hischier in NEW YORK R zone.
17:45 of 2nd period - Shot by Darren Helm.
17:45 of 2nd period - Shot Blocked by Marc-Edouard Vlasic.
17:58 of 2nd period - Gabriel Vilardi is hit by Travis Hamonic and loses puck.
18:15 of 2nd period - Shot by Nico Hischier.
18:15 of 2nd period - Shot Misses the Net.
18:33 of 2nd period - Jason Demers is hit by Andrew Cogliano.
18:53 of 2nd period - Shot by Bo Horvat.
18:53 of 2nd period - Goal by Bo Horvat - EDMONTON : 2 - NEW YORK R : 4.
18:54 of 2nd period - Marcus Kruger wins face-off versus Tyler Johnson in neutral zone.
19:08 of 2nd period - Off-side.
19:09 of 2nd period - Leon Draisaitl wins face-off versus Colin Wilson in neutral zone.
19:24 of 2nd period - Seth Jones is hit by Mathieu Perreault and loses puck.
19:30 of 2nd period - Off-side.
19:31 of 2nd period - Anze Kopitar wins face-off versus Andrew Cogliano in neutral zone.
19:36 of 2nd period - Shot by Jakub Voracek.
19:36 of 2nd period - Stopped by Frederik Andersen with a rebound.
19:38 of 2nd period - Shot by Matt Roy.
19:38 of 2nd period - Stopped by Frederik Andersen without a rebound.
19:39 of 2nd period - Tom Wilson wins face-off versus Bryan Rust in NEW YORK R zone.
Goals for this period are 1 for EDMONTON vs 2 for NEW YORK R.
Shots for this period are 11 for EDMONTON vs 16 for NEW YORK R.

3rd period


0:01 of 3rd period - Bryan Rust wins face-off versus Leon Draisaitl in neutral zone.
0:04 of 3rd period - Seth Jones is hit by Bryan Rust and loses puck.
0:30 of 3rd period - Artemi Panarin is hit by Travis Hamonic and loses puck.
1:53 of 3rd period - Icing by Travis Hamonic.
1:54 of 3rd period - Anze Kopitar wins face-off versus Nico Hischier in EDMONTON zone.
2:59 of 3rd period - Shot by Jake DeBrusk.
2:59 of 3rd period - Shot Blocked by Justin Holl.
3:09 of 3rd period - Shot by Jonathan Marchessault.
3:09 of 3rd period - Shot Misses the Net.
3:15 of 3rd period - Shot by Marcus Kruger.
3:15 of 3rd period - Shot Misses the Net.
3:17 of 3rd period - Shot by Brett Pesce.
3:17 of 3rd period - Goal by Brett Pesce - EDMONTON : 2 - NEW YORK R : 5.
3:18 of 3rd period - Bo Horvat wins face-off versus Craig Smith in neutral zone.
3:39 of 3rd period - Shot by Connor Brown.
3:39 of 3rd period - Deflect By Andrew Cogliano.
3:39 of 3rd period - Shot Misses the Net.
4:28 of 3rd period - Minor Penalty to Colton Parayko for High sticking.
4:29 of 3rd period - Anze Kopitar wins face-off versus Leon Draisaitl in NEW YORK R zone.
4:39 of 3rd period - Travis Hamonic is hit by Leon Draisaitl and loses puck.
5:09 of 3rd period - Icing by Matt Roy.
5:10 of 3rd period - Leon Draisaitl wins face-off versus Craig Smith in EDMONTON zone.
5:39 of 3rd period - Off-side.
5:40 of 3rd period - Leon Draisaitl wins face-off versus Anze Kopitar in neutral zone.
5:59 of 3rd period - Seth Jones is hit by Bryan Rust and loses puck.
7:14 of 3rd period - Icing by Colton Parayko.
7:15 of 3rd period - Tyler Johnson wins face-off versus Bo Horvat in NEW YORK R zone.
7:22 of 3rd period - Shot by Tyler Johnson.
7:22 of 3rd period - Shot Misses the Net.
7:24 of 3rd period - Shot by Matt Roy.
7:24 of 3rd period - Stopped by Frederik Andersen without a rebound.
7:25 of 3rd period - Craig Smith wins face-off versus Nico Hischier in NEW YORK R zone.
7:46 of 3rd period - Jason Demers is hit by Brendan Lemieux and loses puck.
7:57 of 3rd period - Shot by Travis Hamonic.
7:57 of 3rd period - Shot Misses the Net.
8:10 of 3rd period - Leon Draisaitl is hit by Barclay Goodrow and loses puck.
8:20 of 3rd period - Icing by Cam Fowler.
8:21 of 3rd period - Tyler Johnson wins face-off versus Nico Hischier in NEW YORK R zone.
8:30 of 3rd period - Shot by David Perron.
8:30 of 3rd period - Stopped by Frederik Andersen without a rebound.
8:31 of 3rd period - Jakub Voracek wins face-off versus Connor Brown in NEW YORK R zone.
8:41 of 3rd period - Colton Parayko is hit by Justin Holl and loses puck.
8:44 of 3rd period - Shot by Andrew Cogliano.
8:44 of 3rd period - Stopped by Darcy Kuemper with a rebound.
8:46 of 3rd period - Shot by Andrew Cogliano.
8:46 of 3rd period - Stopped by Darcy Kuemper without a rebound.
8:47 of 3rd period - Jonathan Marchessault wins face-off versus Tyler Johnson in EDMONTON zone.
8:59 of 3rd period - Off-side.
9:00 of 3rd period - Bo Horvat wins face-off versus Anze Kopitar in neutral zone.
9:00 of 3rd period - Connor Brown is hit by Jakub Voracek and loses puck.
9:51 of 3rd period - Shot by Artemi Panarin.
9:51 of 3rd period - Shot Misses the Net.
9:53 of 3rd period - Shot by Brett Pesce.
9:53 of 3rd period - Stopped by Darcy Kuemper without a rebound.
9:54 of 3rd period - Leon Draisaitl wins face-off versus Tyler Johnson in EDMONTON zone.
10:09 of 3rd period - Shot by Leon Draisaitl.
10:09 of 3rd period - Stopped by Darcy Kuemper without a rebound.
10:10 of 3rd period - Jonathan Marchessault wins face-off versus Craig Smith in EDMONTON zone.
10:19 of 3rd period - Shot by Barclay Goodrow.
10:19 of 3rd period - Stopped by Frederik Andersen without a rebound.
10:20 of 3rd period - Tyler Johnson wins face-off versus Leon Draisaitl in NEW YORK R zone.
10:29 of 3rd period - Shot by Artemi Panarin.
10:29 of 3rd period - Stopped by Darcy Kuemper without a rebound.
10:30 of 3rd period - Bo Horvat wins face-off versus Craig Smith in EDMONTON zone.
10:41 of 3rd period - Shot by Bo Horvat.
10:41 of 3rd period - Shot Misses the Net.
10:54 of 3rd period - Minor Penalty to Matt Roy for Slashing.
10:55 of 3rd period - Anze Kopitar wins face-off versus Leon Draisaitl in EDMONTON zone.
12:35 of 3rd period - Icing by Artemi Panarin.
12:36 of 3rd period - Anze Kopitar wins face-off versus Leon Draisaitl in NEW YORK R zone.
12:39 of 3rd period - Shot by Anze Kopitar.
12:39 of 3rd period - Shot Blocked by Colton Parayko.
13:02 of 3rd period - Icing by Colin Miller.
13:03 of 3rd period - Barclay Goodrow wins face-off versus Jonathan Marchessault in EDMONTON zone.
13:34 of 3rd period - Justin Holl is hit by Marcus Kruger and loses puck.
14:51 of 3rd period - Shot by Leon Draisaitl.
14:51 of 3rd period - Shot Misses the Net.
15:13 of 3rd period - Shot by Artemi Panarin.
15:13 of 3rd period - Goal by Artemi Panarin - EDMONTON : 2 - NEW YORK R : 6.
15:14 of 3rd period - Mathieu Perreault wins face-off versus Jonathan Marchessault in neutral zone.
15:30 of 3rd period - Icing by Cam Fowler.
15:31 of 3rd period - Anze Kopitar wins face-off versus Jonathan Marchessault in NEW YORK R zone.
15:36 of 3rd period - Shot by Jakub Voracek.
15:36 of 3rd period - Shot Misses the Net.
15:49 of 3rd period - Cam Fowler is hit by Anze Kopitar and loses puck.
15:59 of 3rd period - Minor Penalty to Colin Miller for Hooking.
16:00 of 3rd period - Anze Kopitar wins face-off versus Leon Draisaitl in EDMONTON zone.
17:08 of 3rd period - Shot by Brett Pesce.
17:08 of 3rd period - Stopped by Darcy Kuemper without a rebound.
17:09 of 3rd period - Anze Kopitar wins face-off versus Bo Horvat in EDMONTON zone.
17:53 of 3rd period - Icing by Connor Brown.
17:54 of 3rd period - Anze Kopitar wins face-off versus Bo Horvat in NEW YORK R zone.
18:02 of 3rd period - Icing by Seth Jones.
18:03 of 3rd period - Craig Smith wins face-off versus Leon Draisaitl in NEW YORK R zone.
18:05 of 3rd period - Tom Wilson and Barclay Goodrow fight to a draw.
18:05 of 3rd period - Penalty to Tom Wilson for Fighting.
18:05 of 3rd period - Penalty to Barclay Goodrow for Fighting.
18:06 of 3rd period - Leon Draisaitl wins face-off versus Tyler Johnson in NEW YORK R zone.
18:17 of 3rd period - Kyle Palmieri is hit by Leon Draisaitl and loses puck.
18:22 of 3rd period - Shot by David Perron.
18:22 of 3rd period - Deflect By Tyler Johnson.
18:22 of 3rd period - Shot Misses the Net.
18:54 of 3rd period - Colton Parayko and Kyle Palmieri fight to a draw.
18:54 of 3rd period - Penalty to Colton Parayko for Fighting.
18:54 of 3rd period - Penalty to Kyle Palmieri for Fighting.
18:55 of 3rd period - Jonathan Marchessault wins face-off versus Anze Kopitar in neutral zone.
19:26 of 3rd period - Icing by Bryan Rust.
19:27 of 3rd period - Anze Kopitar wins face-off versus Bo Horvat in EDMONTON zone.
19:27 of 3rd period - Anze Kopitar is hit by Andrew Cogliano.
19:32 of 3rd period - Minor Penalty to Connor Brown for Tripping.
19:33 of 3rd period - Craig Smith wins face-off versus Leon Draisaitl in NEW YORK R zone.
Goals for this period are 0 for EDMONTON vs 2 for NEW YORK R.
Shots for this period are 3 for EDMONTON vs 8 for NEW YORK R.